[Event "Cattolica Chess Festival 2022"]
[Site "Cattolica"]
[Date "2022.06.04"]
[Round "1.9"]
[White "Nurgaliyev, Sauat"]
[Black "Milikow, Elie"]
[Result "1/2-1/2"]
[ECO "B32"]
[WhiteElo "2187"]
[BlackElo "2428"]
[Annotator "TA"]
[PlyCount "141"]
[EventDate "2022.06.04"]
[EventCountry "ITA"]
[SourceTitle "playchess.com"]
[Source "ChessBase"]
[SourceQuality "1"]
[TimeControl "5400+30"]

1. e4 c5 2. Nf3 Nc6 3. d4 cxd4 4. Nxd4 e5 5. Nb5 d6 6. N1c3 a6 7. Na3 Be6 8. Nc4 Rb8 {[%emt 0:00:08] seems to push 8...b5 aside. B32: Sicilian: Löwenthal and Kalashnikov Variations.} 9. Ne3 Nf6 {[%emt 0:00:45] [#]} 10. a3 $146 ({Predecessor:} 10. Bd3 g6 11. O-O Bg7 12. Ncd5 Bxd5 13. exd5 Ne7 14. c4 O-O 15. Be2 Nd7 16. b3 {0-1 (42) Alekseenko,K (2698)-Dardha,D (2561) Chess.com INT 2022}) 10... g6 11. g3 h5 12. h4 (12. Ned5 {keeps more tension.} Bxd5 13. Nxd5 Nxe4 14. Bg2) 12... Bh6 13. Bg2 Rc8 14. Ncd5 Bxd5 15. Nxd5 Nxd5 16. Bxh6 Nf4 17. Bxf4 exf4 18. gxf4 Qf6 19. c3 O-O (19... Qxf4 $14 20. Qf3 Qh6) 20. Qf3 $16 Na5 21. Qg3 (21. O-O-O $16) 21... Nc4 $11 22. O-O Rfe8 (22... Nxb2 $11 {remains equal.} 23. e5 dxe5 24. fxe5 Qe7) 23. Rfe1 ({White should play} 23. Rfb1 $16) 23... Rc5 $2 (23... Nxb2 $14 24. e5 dxe5) 24. Re2 a5 25. b3 Nb6 26. Re3 Kh7 27. Rd1 a4 28. b4 Rcc8 (28... Rc7 $142 29. e5 dxe5) 29. e5 $18 dxe5 30. fxe5 Qe7 31. e6 Rcd8 {[%emt 0:00:00] Prevents Rd6.} 32. Rxd8 Rxd8 33. exf7 Qxf7 34. Qg5 Rd1+ 35. Kh2 {[%emt 0:00:00] Black must now prevent Re7.} Rd7 {[%emt 0:00:00] Inhibits Re7.} 36. Rf3 Qe8 37. Rg3 (37. Bf1 $18 Rd5 38. Qg3) 37... Nc4 $16 38. Qf4 ({Don't do} 38. Qb5 Nd6 39. Qxa4 Qf7) ({Better is} 38. Bd5 $16 Nd6 39. Re3) 38... Ne5 (38... Qf7 $11 39. Qxf7+ Rxf7) 39. Re3 $18 Re7 {[%emt 0:00:00] ...Ng4+ is the strong threat.} 40. Bh3 {[%emt 0:00:00] Inhibits Ng4+.} Qb8 {[%emt 0:02:37] aiming for ...Ng4+.} 41. Qg3 (41. Kg1 $18 {has better winning chances.}) 41... Qd6 (41... Qc7 $16) 42. Kg1 Qd1+ {[%emt 0:01:51] [#]} (42... Kg7 $16 {was necessary.} 43. Bf1 Qf6) 43. Bf1 $1 Nc6 (43... Qg4 {is a better chance.} 44. Qxg4 hxg4) 44. Rxe7+ Nxe7 {[%emt 0:00:01][%mdl 4096] Endgame KQB-KQN} 45. Qc7 $1 Qg4+ 46. Bg2 Qxh4 47. Qxb7 Qg5 48. Qf3 $2 ({Not} 48. f4 Qh4 $14) (48. Qc7 $18) 48... Nf5 $16 {[%emt 0:00:40] [#]} 49. b5 (49. c4 $1 $16 ) 49... Qc1+ $11 {[%emt 0:00:39] The position is equal.} 50. Bf1 {[%emt 0:00:58] And now b6 would win.} Qxa3 51. Qa8 {[%emt 0:01:53] Strongly threatening b6.} Qb3 52. Qa7+ Kh6 53. b6 {[%emt 0:00:32] b7 would kill now.} a3 54. b7 a2 $1 55. b8=Q Qxb8 56. Qxb8 {[%emt 0:00:00] White wants to mate with Qh8+.} a1=Q {[%emt 0:00:13] KQB-KQN} 57. Qh8+ Kg5 58. Qd8+ Kh6 59. Qh8+ Kg5 60. Qd8+ Kf4 61. Qd2+ Ke5 62. Qg5 Qxc3 63. Qxg6 h4 64. Qe8+ Kf4 65. Qb8+ Qe5 66. Qxe5+ Kxe5 67. Bh3 Nd6 68. Kg2 Kf4 69. Bd7 Ne4 70. Kh3 Kg5 71. f4+ {[%emt 0:00:00] White really could win this.  Weighted Error Value: White=0.24 (precise) /Black=0.37} 1/2-1/2

[Event "Cattolica Chess Festival 2022"]
[Site "Cattolica"]
[Date "2022.06.04"]
[Round "1.10"]
[White "Buksa, Nataliya"]
[Black "Kalosha, Zhiulien Oleksii"]
[Result "1-0"]
[ECO "B41"]
[WhiteElo "2406"]
[BlackElo "2161"]
[Annotator "TA"]
[PlyCount "71"]
[EventDate "2022.06.04"]
[EventCountry "ITA"]
[SourceTitle "playchess.com"]
[Source "ChessBase"]
[SourceQuality "1"]
[TimeControl "5400+30"]

1. e4 c5 2. Nf3 e6 3. d4 cxd4 4. Nxd4 a6 5. c4 Nf6 6. Nc3 Qc7 7. a3 Nxe4 {[%emt 0:02:57] B41: Sicilian: Kan Variation: 5 c4.} 8. Nxe4 {[%emt 0:00:05] Threatens to win with Qh5.} Qe5 {[%emt 0:00:24] [#] Against Qh5} 9. Bd3 $1 {[%emt 0:09:39] Strongly threatening Be3.} Qxd4 {[%emt 0:01:22] White has an edge.} 10. O-O f5 11. Be3 Qe5 {[%emt 0:01:44] [#]} (11... Qxb2 $11 12. Nc5 Nc6) 12. Ng3 $146 {[%emt 0:14:37][%cal Od3f5] 0x0.00207ad00357dp-1022s more active pieces.} ({Predecessor:} 12. f4 Qc7 13. Ng5 Bc5 14. Qh5+ g6 15. Qh3 h6 16. Rae1 Qb6 17. Bxf5 gxf5 18. Qh5+ {0-1 (53) Morozevich,A (2707)-Svidler,P (2690) Moscow 2002}) 12... f4 {[%emt 0:33:04] [#]} (12... Be7 $142) 13. Bd4 $1 Qxd4 {[%emt 0:04:29] [#]} 14. Bg6+ $1 {[%emt 0:00:47][%mdl 576] Discovered Attack} hxg6 15. Qxd4 fxg3 16. fxg3 Nc6 17. Qf2 (17. Qe4 $16) 17... d6 18. Rae1 Bd7 19. b4 Rc8 (19... g5 $142) 20. Qf7+ Kd8 21. Qxg6 Kc7 22. Rf7 ({White should play} 22. Qg5 $1) 22... Ne5 {[%emt 0:00:58] [#]} (22... Nd8 $16) 23. Rxe5 $1 $18 dxe5 24. Qxe6 $40 {[%emt 0:00:01][%mdl 128] White has strong attack.} (24. h4 $18) 24... Rd8 $16 25. Qxe5+ Bd6 {[%emt 0:00:48] [#]} 26. Qxg7 (26. Qe6 $1 $16 {Hoping for c5.} Rh6 27. Qd5) 26... Rhe8 $11 27. Qd4 Be5 (27... Re1+ $1 $11 28. Kf2 Rde8) 28. Qa7 Kc8 (28... Bd6 $11) 29. b5 $16 axb5 30. cxb5 {[%emt 0:00:00] aiming for a4. Really sharp!} Re6 $2 ({Better is} 30... Bc7 $14) 31. a4 $18 {[%emt 0:01:49] Black must now prevent Rf1.} Bc7 $2 (31... Bb8 32. Qa5 (32. Qc5+ Bc7 $16) 32... Be8) 32. Qa8+ Bb8 {[%emt 0:00:00] [#]} 33. Rf1 {[%emt 0:00:00] Inhibits Re1.} Kc7 34. Qa5+ b6 35. Rc1+ Kd6 36. Qb4+ {[%emt 0:00:00] Weighted Error Value: White=0.18 (very precise) /Black=0.64} 1-0

[Event "Cattolica Chess Festival 2022"]
[Site "Cattolica"]
[Date "2022.06.05"]
[Round "2.1"]
[White "Bernadskiy, Vitaliy"]
[Black "Shahil Dey"]
[Result "1/2-1/2"]
[ECO "B30"]
[WhiteElo "2636"]
[BlackElo "2369"]
[Annotator "TA"]
[PlyCount "107"]
[EventDate "2022.06.04"]
[EventCountry "ITA"]
[SourceTitle "playchess.com"]
[Source "ChessBase"]
[SourceQuality "1"]
[TimeControl "5400+30"]

1. e4 c5 2. Nf3 d6 3. Nc3 e5 4. Bc4 Nc6 5. d3 Be7 6. O-O Nf6 7. Ng5 O-O 8. f4 Bg4 {[%emt 0:01:17] B30: Sicilian: 2...Nc6 3 Bb5, lines without ...g6.} 9. Qe1 exf4 10. Bxf4 ({Much weaker is} 10. Rxf4 h6 11. Nf3 g5 12. Rxg4 Nxg4 $15) 10... Nd4 {[%emt 0:06:31] The position is equal.} 11. Qd2 h6 12. Nf3 Nxf3+ 13. gxf3 Bh3 14. Rf2 {[%emt 0:04:02][%cal Of4h6] [#]} Nh5 $146 ({Predecessor:} 14... Kh7 15. Be3 Be6 16. Rg2 d5 17. exd5 Nxd5 18. Kh1 Nxe3 19. Qxe3 Bd7 20. Bd5 {½-½ (20) Marwitz,U (2368)-Heinke,R (2368) ICCF email 2017}) 15. Bxh6 Bh4 (15... gxh6 $2 16. Qxh6 Bh4 17. Qxh5 $18) 16. Be3 Kh8 {[%emt 0:05:33] [#]} (16... Bxf2+ $11 17. Qxf2 Be6) 17. Rg2 $1 Bxg2 (17... Qf6 18. Rf1) 18. Qxg2 Bf6 19. Kh1 {[%emt 0:11:09][%mdl 1024] White has strong compensation. White is more active.} b5 (19... Bxc3 $142 20. bxc3 g6) 20. Bd5 $16 {[%emt 0:07:33] Black must now prevent Rg1.} ({Don't do} 20. Bxb5 $6 Rb8 21. Bd2 g6 $14) 20... Rb8 $2 (20... Bxc3 $16 21. bxc3 Qf6) 21. Rg1 g6 22. Ne2 {[%emt 0:28:34] Prevents Bd4. aiming for Qh3.} Qd7 {[%emt 0:05:30] Inhibits Qh3.} 23. f4 $1 Rg8 {[%emt 0:02:23] [#]} 24. f5 $1 Rg7 25. Qf3 (25. Bh6 $16 Rh7 {[#]} 26. fxg6 $1 fxg6 27. Qxg6) 25... Be5 $14 26. fxg6 fxg6 27. Bh6 {[%emt 0:00:00] c3 is the strong threat. The board is on fire. This bishop pair is nice.} Qe7 $1 28. Bxg7+ Qxg7 29. Qg2 Rf8 30. c3 Kh7 31. d4 cxd4 32. cxd4 Nf4 33. Nxf4 Bxf4 34. e5 dxe5 35. dxe5 {[%emt 0:00:00] Threatens to win with Be4.} Rf5 36. Be4 Rg5 37. Qh3+ Qh6 38. Qd7+ Kh8 39. Qc8+ Kh7 $132 {[%emt 0:00:00][%csl Gf4][%cal Rh6h2][%mdl 2048] Black is not holding back} 40. Qb7+ Qg7 41. Rxg5 Qxb7 42. Bxb7 (42. Rh5+ {is more complex.} Kg7 43. Bxb7 gxh5 44. e6) 42... Bxg5 {[%emt 0:00:00][%mdl 4096] Endgame KB-KB} 43. Kg2 Bf4 44. e6 {[%emt 0:00:00] Threatening mate with e7.} Kg7 45. h3 Kf6 46. Bc8 Be5 47. b3 a5 48. Kf3 {[%emt 0:00:50] White is slightly better.} a4 49. Ke4 {[%emt 0:01:07][%cal Oe6e7] Hoping for e7!} axb3 50. axb3 {[%emt 0:00:05][%cal Oe6e7] Intending e7! and mate.} Bd6 51. Kd5 Ke7 52. h4 b4 53. Ba6 Bg3 54. Ke4 {[%emt 0:09:11] Black escapes into a draw.  Weighted Error Value: White=0.11 (very precise) /Black=0.10 (very precise)} (54. Bd3 $14) 1/2-1/2

[Event "Cattolica Chess Festival 2022"]
[Site "Cattolica"]
[Date "2022.06.05"]
[Round "2.2"]
[White "Ceres, Dragos"]
[Black "Pantsulaia, Levan"]
[Result "0-1"]
[ECO "B12"]
[WhiteElo "2380"]
[BlackElo "2587"]
[Annotator "TA"]
[PlyCount "50"]
[EventDate "2022.06.04"]
[EventCountry "ITA"]
[SourceTitle "playchess.com"]
[Source "ChessBase"]
[SourceQuality "1"]
[TimeControl "5400+30"]

1. e4 c6 2. d4 d5 3. f3 dxe4 4. fxe4 e5 5. Nf3 Bg4 6. c3 {[%emt 0:00:10] B12: Caro-Kann: Advance Variation.} Nf6 7. Bd3 (7. Qb3 $14 exd4 8. Bc4 (8. Qxb7 Nbd7 $15)) 7... Nbd7 ({Black should play} 7... exd4 $11 8. e5 Nd5) 8. O-O $14 {[%emt 0:00:47] White is slightly better.} Bd6 9. Kh1 {[%emt 0:08:09] [#] 9.h3 is setting a new trend.} Qe7 $146 ({Predecessor:} 9... O-O 10. Bg5 h6 11. Bh4 Qc7 12. Nbd2 b5 13. Rc1 a6 14. a4 Nh5 15. h3 Nf4 {1-0 (58) Erigaisi,A (2675)-Salem,A (2690) Malmo 2022}) 10. Qe1 O-O-O 11. Nbd2 Bc7 $36 {[%emt 0:03:58][%mdl 2048] Black has some pressure.} 12. Bc2 Rhe8 13. Qh4 h6 14. Nxe5 Nxe5 15. dxe5 Bxe5 ({Don't play} 15... Qxe5 16. Rxf6 $1 gxf6 17. Qxg4+ f5 18. Qh5 $14) 16. Nf3 Bc7 {[%emt 0:05:54] ...g5 is the strong threat. Black is more active.} 17. Be3 {[%emt 0:03:03] [#]} (17. Re1 $17 {was worth a try.}) 17... g5 $1 $19 18. Qf2 ({But not} 18. Qxh6 $2 Rh8 19. Qxg5 Rdg8 $19) 18... Nxe4 19. Bxe4 Qxe4 20. Bxa7 (20. Bd4 $17 {keeps fighting.}) 20... Bxf3 21. gxf3 Qf4 {[%emt 0:00:05] And now ...Rd2 would win.} 22. Rae1 $2 {[%emt 0:01:58] [#]} (22. Qg1 Rd2 23. Rf2) 22... Rxe1 $1 {[%emt 0:00:22] Black is clearly winning.} 23. Rxe1 Rd2 24. Re8+ Kd7 {[%emt 0:00:11] ( -> ...Rd1+)} 25. Re2 Rd1+ {[%emt 0:00:05] Weighted Error Value: White=0.72/Black=0.06 (flawless)} 0-1

[Event "Cattolica Chess Festival 2022"]
[Site "Cattolica"]
[Date "2022.06.05"]
[Round "2.3"]
[White "Basso, Pier Luigi"]
[Black "Ozcan, Kaan"]
[Result "1-0"]
[ECO "D19"]
[WhiteElo "2570"]
[BlackElo "2329"]
[Annotator "TA"]
[PlyCount "103"]
[EventDate "2022.06.04"]
[EventCountry "ITA"]
[SourceTitle "playchess.com"]
[Source "ChessBase"]
[SourceQuality "1"]
[TimeControl "5400+30"]

1. d4 d5 2. c4 c6 3. Nf3 Nf6 4. Nc3 dxc4 5. a4 Bf5 6. e3 e6 7. Bxc4 Bb4 8. O-O O-O 9. Qe2 h6 {[%emt 0:05:39] 9...Bg6 is the modern continuation. D19: Slav Defence: 5 a4 Bf5 6 e3: Main line with 9 Qe2.} 10. Rd1 Ne4 11. Na2 {[%emt 0:03:23] [#]} Be7 $146 {[%emt 0:06:08] White is slightly better.} ({Predecessor:} 11... Bd6 12. Ne5 Bc7 13. f3 Nd6 14. Bb3 Qe7 15. e4 Bh7 16. Be3 Kh8 17. Rac1 Nd7 18. Nxd7 Qxd7 {1-0 (54) Evans,L-Kramer,G New York 1954}) 12. Ne5 Nd6 13. Bd3 Bxd3 14. Nxd3 Ne4 15. Nc3 Nxc3 16. bxc3 Nd7 17. e4 c5 18. Rb1 Qa5 19. Rxb7 Rad8 ({Black should play} 19... Rfd8 $14) 20. d5 {[%emt 0:03:03] White is more active.} ({Better is} 20. Nb2 $16) 20... Qa6 $11 21. Rb1 exd5 22. exd5 Bf6 {[%emt 0:00:30] [#]} (22... Rfe8 $11 {remains equal.}) 23. Qc2 (23. Be3 $1 $16) 23... Qc4 24. Be3 Rfe8 25. Rbc1 Ne5 26. Nb2 $36 {[%emt 0:02:18][%mdl 2048] White is pushing.} Qh4 27. h3 Nd7 (27... Nf3+ $11 28. gxf3 Qxh3) 28. a5 Rb8 29. Rb1 Bd8 (29... Bg5 $16) 30. Qa4 (30. Qf5 $18 Re7 31. Nd3) 30... Qxa4 $16 31. Nxa4 Bxa5 32. Rxb8 ({But not} 32. Nxc5 $6 Rxb1 33. Rxb1 Rxe3 $11) 32... Rxb8 33. Nxc5 Nxc5 34. Bxc5 Bxc3 35. Bxa7 {[%emt 0:00:00][%mdl 4096] Endgame KRB-KRB} Rb7 36. Bc5 Be5 (36... f6 $142) 37. Kf1 (37. d6 $142 {Hoping for d7.} Rd7 38. g3) 37... f6 38. Ke2 {[%emt 0:00:00] Strongly threatening d6.} Kf7 39. Kd3 Ke8 40. Ke4 Rc7 41. Be3 {[%emt 0:00:00] Threatens to win with d6.} Rc4+ 42. Kf3 Kd7 43. g4 ({White should try} 43. Rb1 $14) 43... Kd6 $11 44. Rd3 g5 45. Bd2 Ra4 46. Bc1 Bd4 47. Ba3+ Kxd5 48. Bf8 Ra2 49. Kg3 Ke4 50. Rf3 Ra1 51. Rf5 Ra3+ $2 {[%emt 0:00:45][%mdl 8192] [#]} 52. Bxa3 {[%emt 0:14:07] Weighted Error Value: White=0.18 (very precise) /Black=0.17 (very precise)} 1-0

[Event "Cattolica Chess Festival 2022"]
[Site "Cattolica"]
[Date "2022.06.05"]
[Round "2.4"]
[White "Padmini, Rout"]
[Black "Brunello, Sabino"]
[Result "1-0"]
[ECO "B50"]
[WhiteElo "2348"]
[BlackElo "2521"]
[Annotator "TA"]
[PlyCount "71"]
[EventDate "2022.06.04"]
[EventCountry "ITA"]
[SourceTitle "playchess.com"]
[Source "ChessBase"]
[SourceQuality "1"]
[TimeControl "5400+30"]

1. e4 c5 2. Nf3 d6 3. c3 Nf6 4. Be2 g6 5. O-O Bg7 6. Bb5+ Bd7 7. Bxd7+ Nbxd7 8. Re1 O-O 9. d4 b5 {[%emt 0:02:35] [#] B50: Sicilian: 2...d6, Miscellaneous.} 10. e5 $146 ({Predecessor:} 10. Qe2 Qb6 11. a4 bxa4 12. Rxa4 cxd4 13. cxd4 Rab8 14. Nc3 Rfc8 15. Nd2 h5 16. h3 Rc6 17. Nc4 {1-0 (30) Gattenloehner,S (2222)-Kradolfer,D Winterthur 2003}) 10... Ne8 11. e6 fxe6 {[%emt 0:00:10] The position is equal.} 12. Rxe6 Nc7 13. Re1 e5 14. dxc5 (14. Bg5 $14 Bf6 15. Bxf6 Qxf6 16. Nbd2) 14... Nxc5 $15 15. Be3 N5e6 16. a4 d5 (16... b4 $142) 17. axb5 $11 Nxb5 18. Na3 (18. Ng5 $5 Nxg5 19. Bxg5 $11) 18... Nbc7 19. Nc2 d4 (19... a5 $11) 20. cxd4 $16 {[%emt 0:01:23] Black is on the road to losing.} exd4 21. Ncxd4 Nf4 (21... Nxd4 $16 22. Nxd4 (22. Bxd4 Rxf3 23. Qxf3 Bxd4 $11) 22... Qd7) 22. Ra3 (22. Bxf4 $18 Rxf4 23. Qc1) 22... Kh8 (22... Qd7 $16 23. Ra5 Nfd5) 23. g3 Nfd5 24. Bg5 {[%emt 0:00:27] White is more active.} Qd6 25. Rd3 Rae8 {[%emt 0:03:11] [#]} (25... Qb6 $16 26. Rb3 Qa6) 26. Rxe8 $1 $18 Rxe8 {[%emt 0:00:07] [#]} 27. Nb5 $1 Nxb5 (27... Qc6 28. Nxc7) 28. Rxd5 Qc6 29. Bf4 {[%emt 0:04:43] Ne5 is the strong threat.} Nc7 (29... a6 $142 30. Be5 Kg8 31. Bxg7 Kxg7 32. Rd7+ Kg8) 30. Rd8 (30. Rd7 $142 Ne6 31. Be5 (31. Rxa7 Nxf4 32. gxf4 Rf8 $14) 31... Bxe5 32. Nxe5) 30... Ne6 31. Rxe8+ Qxe8 32. Be5 Bxe5 33. Nxe5 Qb5 34. Qd6 {[%emt 0:01:30] aiming for Nf7+.} Qb3 $2 (34... Qe8 35. Ng4 Ng7) 35. Qd7 a5 $2 (35... Nf8 36. Qd4 (36. Qxa7 Qxb2 37. Qa8 Kg7 $16) 36... Kg8 37. Qxa7 Qd1+ 38. Kg2 Qd5+ 39. Nf3 Ne6 40. Qb8+ Kg7) 36. Ng4 {[%emt 0:05:04] Weighted Error Value: White=0.27 (precise) /Black=0.51} (36. Qe8+ $142 Kg7 37. Qf7+ Kh8 38. h3 Qd1+ 39. Kh2) 1-0

[Event "Cattolica Chess Festival 2022"]
[Site "Cattolica"]
[Date "2022.06.05"]
[Round "2.5"]
[White "Milikow, Yoav"]
[Black "Heinemann, Josefine"]
[Result "1-0"]
[ECO "E32"]
[WhiteElo "2410"]
[BlackElo "2300"]
[Annotator "TA"]
[PlyCount "75"]
[EventDate "2022.06.04"]
[EventCountry "ITA"]
[SourceTitle "playchess.com"]
[Source "ChessBase"]
[SourceQuality "1"]
[TimeControl "5400+30"]

1. d4 Nf6 2. c4 e6 3. Nc3 Bb4 4. Qc2 O-O 5. e4 d5 6. e5 Ne4 7. Bd3 c5 8. Nf3 {[%emt 0:00:47] E32: Nimzo-Indian: Classical (4 Qc2): 4...0-0.} cxd4 9. Nxd4 Nd7 10. Bf4 {[%emt 0:00:42] The position is equal.} Qh4 11. g3 Qh5 12. O-O g5 13. cxd5 Bxc3 14. bxc3 exd5 15. Be3 {[%emt 0:01:04] [#] Strongly threatening f3.} Nxe5 {[%emt 0:06:01] Pair of Knights!} 16. f3 {[%emt 0:00:27] Against Ng4} ({Reject} 16. Bxe4 dxe4 17. Qxe4 Re8 $11) 16... Nxd3 17. Qxd3 Nd6 18. g4 {[%emt 0:00:19] [#]} Qh6 $146 ({Predecessor:} 18... Qg6 19. Qxg6+ fxg6 20. Bxg5 Re8 21. Bf4 Nc4 22. Nb5 Rf8 23. Bh6 Rd8 24. Rfe1 Kf7 25. Rad1 b6 26. Rd4 g5 27. Bxg5 Rd7 28. Rf4+ Kg6 29. Re6+ {1-0 (29) Caruana,F (2792)-Vidit,S (2727) Warsaw 2021}) 19. h4 Qg6 (19... Qxh4 {looks sharper.} 20. Kg2 Qh6 21. Rh1 Qg6) 20. Qxg6+ fxg6 21. Bxg5 Re8 {[%emt 0:00:10] Against Be7} (21... Rf7 $11 {keeps the balance.}) 22. Bf4 $16 {[%emt 0:01:34] White leaves nothing to chance now.} Rd8 (22... Nc4 $142) 23. Rfe1 {[%emt 0:01:48] [#] Threatens to win with Bxd6. White is more active.} Ne8 (23... Kf8 {is a better chance.} 24. Bg5 Re8) 24. Bg5 $18 Bd7 25. Bxd8 Rxd8 26. Re7 Ng7 27. Re5 Ba4 28. Rb1 b6 29. h5 gxh5 30. gxh5 h6 31. Kf2 {[%emt 0:02:42] White is clearly winning.} Be8 32. Re7 {[%emt 0:02:30] Intending Rg1 and mate.} Rd7 33. Rbe1 Kf8 34. Rxd7 Bxd7 35. Re5 Be8 36. Rxd5 Bxh5 37. Rd7 a5 38. Rd6 {[%emt 0:00:35][%csl LRb6,LRh6] Weighted Error Value: White=0.17 (very precise) /Black=0.38} 1-0

[Event "Cattolica Chess Festival 2022"]
[Site "Cattolica"]
[Date "2022.06.05"]
[Round "2.6"]
[White "Kolb, Tobias"]
[Black "Kjartansson, Gudmundur"]
[Result "1-0"]
[ECO "E54"]
[WhiteElo "2345"]
[BlackElo "2452"]
[Annotator "TA"]
[PlyCount "137"]
[EventDate "2022.06.04"]
[EventCountry "ITA"]
[SourceTitle "playchess.com"]
[Source "ChessBase"]
[SourceQuality "1"]
[TimeControl "5400+30"]

1. d4 Nf6 2. c4 e6 3. Nc3 Bb4 4. e3 O-O 5. Bd3 d5 6. Nf3 dxc4 7. Bxc4 c5 8. O-O cxd4 9. exd4 b6 10. Bg5 h6 11. Bh4 Bb7 12. Rc1 Nc6 13. Bd3 Be7 (13... Nxd4 $2 14. Nxd4 Rc8 15. Re1 $1 $18) 14. Bb1 {[%emt 0:02:13] E54: Nimzo-Indian: Rubinstein: Main Line: 7...dxc4 8 Bxc4.} Rc8 15. a3 Nh5 16. Qd3 {[%emt 0:11:30][%csl Gb1][%cal Rd3h7] The position is equal.} g6 $1 17. Bxe7 Nxe7 18. Qe3 {[%emt 0:15:43] Inhibits Nf4.} Bxf3 19. Qxf3 Qxd4 20. Qb7 {[%emt 0:00:58][%csl LRa7,LRe7] [#]} Nd5 $146 ({Predecessor:} 20... Qd6 21. Qxa7 Nf4 22. Qa6 Ned5 23. Ne4 Qd8 24. Qb5 Qh4 25. Ng3 Qg5 26. Rxc8 Rxc8 {0-1 (82) Noack,M-Schaefer,U DESC email 2005}) 21. Nb5 Qxb2 22. Rxc8 Qxb5 23. Rxf8+ Kxf8 24. Be4 {[%emt 0:01:57] Threatens to win with Bxd5.} Nhf4 {[%emt 0:01:11] ...Ne2+ is the strong threat.} 25. g3 $36 {[%emt 0:01:00][%mdl 2048] White has good play.} (25. Qxa7 $2 Ne2+ 26. Kh1 Nec3 $19) 25... Ne2+ {[%emt 0:07:21] Pair of Knights!} 26. Kg2 Ndc3 (26... Nef4+ $11 27. gxf4 Nxf4+ 28. Kf3 (28. Kg1 Nh3+ 29. Kg2 Nf4+ 30. Kf3 Qxf1 $11) 28... Qxf1 29. Qb8+ Kg7 30. Qxf4 Qh3+ 31. Qg3 Qf1) 27. Bf3 {[%emt 0:00:49] Hoping for Bxe2.} (27. Bc6 Qa5 $14) 27... a5 $2 {[%emt 0:03:08] This costs Black the game.} (27... Qc5 $16) 28. Qc7 {[%emt 0:02:32] Black must now prevent Bxe2.} Qd3 29. Qxb6 Nd4 30. Qd6+ Kg8 31. Qf4 e5 32. Qe3 e4 33. Qxd3 exd3 $18 {[%emt 0:00:00][%mdl 4096] Endgame KRB-KNN} 34. Rc1 $1 Ndb5 35. a4 $1 Nxa4 36. Rc8+ Kg7 {[%emt 0:00:00] [#]} 37. Rd8 $1 (37. Ra8 Nac3 38. Rxa5 d2 $15) 37... Nac3 38. Bc6 ({Weaker is} 38. Rxd3 a4 $16) 38... a4 {[%emt 0:00:00] Strongly threatening ...a3.} 39. Bxb5 ({And not} 39. Rxd3 a3 40. Bd5 a2 41. Bxa2 Nxa2 $17) 39... Nxb5 40. Rxd3 {[%emt 0:00:00] KR-KN} a3 41. Rd8 ({Much less strong is} 41. Rd2 $6 Kf8 42. Kf3 Ke7 $18) 41... a2 42. Ra8 Nc3 43. Kf3 h5 44. Ke3 h4 45. Kd3 hxg3 $2 (45... Nd5 46. gxh4 Nf4+ 47. Ke3 Ng2+ 48. Ke4 Nxh4 49. Rxa2 Nf5) 46. hxg3 Nd5 47. Kd4 Nf6 48. Rxa2 {[%emt 0:00:04] And now f3 would win.} Ng4 49. f3 Nf6 50. Ke5 Nd7+ 51. Kd6 Nf8 52. Ke7 Nh7 53. Ra6 g5 54. Rb6 Nf8 55. Ke8 Nh7 56. Rb5 Nf6+ 57. Ke7 Ng8+ 58. Kd6 Kf6 59. Rb6 g4 60. f4 Kf5 61. Kd5 (61. Rb8 $142 Nf6 62. Rb5+ Kg6 63. Rg5+ Kh6 64. Ke7) 61... Ne7+ 62. Kd4 f6 63. Rb5+ Kg6 {[%emt 0:00:32] [#]} 64. Ke4 $1 Ng8 65. f5+ Kg7 66. Rb7+ {[%emt 0:00:16] White mates.} Kh6 67. Kf4 Kh5 68. Rc7 Nh6 69. Rg7 {[%emt 0:00:04] Weighted Error Value: White=0.05 (flawless) /Black=0.30} 1-0

[Event "Cattolica Chess Festival 2022"]
[Site "Cattolica"]
[Date "2022.06.05"]
[Round "2.7"]
[White "Souhardo Basak"]
[Black "Buksa, Nataliya"]
[Result "1/2-1/2"]
[ECO "C88"]
[WhiteElo "2357"]
[BlackElo "2406"]
[Annotator "TA"]
[PlyCount "104"]
[EventDate "2022.06.04"]
[EventCountry "ITA"]
[SourceTitle "playchess.com"]
[Source "ChessBase"]
[SourceQuality "1"]
[TimeControl "5400+30"]

1. e4 e5 2. Nf3 Nc6 3. Bb5 a6 4. Ba4 Nf6 5. O-O Be7 6. Re1 b5 7. Bb3 O-O 8. a4 Bb7 9. d3 d6 10. Nbd2 Nd7 11. c3 Nc5 {[%emt 0:00:32] C88: Closed Ruy Lopez: Anti-Marshall Systems.} 12. Bc2 Nxa4 13. Bxa4 bxa4 14. Qxa4 Kh8 15. d4 exd4 16. cxd4 d5 17. e5 Nb4 18. Qd1 Bc8 {[%emt 0:16:36][%cal Bb7c8,Bc8f5,Bf5g6][%mdl 32] [#]} 19. Nf1 $146 ({Predecessor:} 19. Re3 c5 20. Rc3 Qb6 21. Nf1 Nc6 22. dxc5 Bxc5 23. Qxd5 Bxf2+ 24. Kh1 Bb7 25. Qb3 Qxb3 {½-½ (25) Chupin,V (2452)-Schwetlick,T (2398) ICCF email 2004}) 19... Bf5 20. Ne3 {[%emt 0:01:44] Prevents Nc2.} Bg6 21. b3 Nd3 22. Re2 a5 23. Rd2 Nxc1 24. Rxc1 Qd7 25. Ne1 Ba3 26. Ra1 Bb4 {[%emt 0:00:08] A strong pair of Bishops.} 27. Rda2 Qb5 {[%emt 0:00:43] Inhibits Nd3.} 28. Rc1 Rac8 29. h4 h6 30. h5 Bh7 (30... Be4 $5 ) 31. N1c2 Be7 32. Qd2 Qxb3 33. Rxa5 c6 34. Ra7 Bg5 35. Nb4 Be4 36. Qc3 ({Avoid the trap} 36. Rxc6 $2 Qb1+ 37. Qd1 (37. Kh2 {leads to mate.} Bf4+ 38. Kh3 Qh1+ 39. Kg4 Bg5) 37... Qxb4 $19) (36. Nxc6 $2 Qb6 37. Qa5 Rxc6 $19) 36... Qxc3 37. Rxc3 Rb8 38. Ra4 Rb7 39. f3 {[%emt 0:01:13] The position is equal.} ({Much worse is} 39. Rxc6 Bxe3 40. fxe3 Rfb8 $17) 39... c5 $1 40. Nbxd5 Bxd5 41. Nxd5 cxd4 42. Rxd4 {[%emt 0:00:28] Hoping for f4.} Rd8 $1 43. Rcd3 Rbd7 $1 44. Kh2 Bc1 $1 45. Rd1 Bb2 46. R4d3 {[%emt 0:00:03] Strongly threatening f4.} Bxe5+ 47. Kh3 Bb8 48. Nf4 Rxd3 49. Rxd3 Re8 50. g3 Kh7 51. Rd7 Kg8 52. Nd3 Kf8 {[%emt 0:01:02] An interesting draw.  Weighted Error Value: White=0.05 (flawless) /Black=0.03 (flawless)} 1/2-1/2